Map: Orbital Shipyard

Players

capac - Winner!

  • Race: Terran Terran
  • League: Gold

A.I. 1 (Harder)

  • Race: Protoss Protoss

VOD

Have the link to the VOD?

Description

Time

  • Played on: Feb. 20, 2016, 12:13 p.m.
  • Length: 10:21
Show
View Real Time Build Order
Export as new Build Order

capac Terran - Winner!

Build Orders:  

Get SALT Encoding   

  12  0:03  SCV  
  13  0:16  SCV  
  14  0:21  Supply Depot  
  14  0:28  SCV  
  15  0:43  SCV  
  15  0:45  Barracks  
  16  0:55  SCV  
  17  0:59  Refinery  
  17  1:07  SCV  
  18  1:19  SCV  
  19  1:31  SCV  
  20  1:41  Command Center  
  20  1:43  Barracks Reactor  
  20  1:45  Orbital Command  
  20  1:58  Supply Depot  
  20  2:06  Barracks  
  20  2:11  SCV  
  21  2:21  Marine x2  
  23  2:30  Factory  
  23  2:31  SCV  
  24  2:39  Marine x2  
  26  2:48  Refinery  
  26  2:49  SCV  
  27  2:55  Barracks Tech Lab  
  27  3:03  SCV  
  29  3:06  Orbital Command  
  29  3:11  Marine x2  
  30  3:14  Marine  
  30  3:15  SCV  
  30  3:18  Starport  
  32  3:22  Factory Reactor  
  32  3:29  SCV  
  33  3:35  SCV  
  33  3:38  Marine  
  33  3:39  Marine x2  
  37  3:41  Stimpack  
  37  3:44  SCV  
  37  3:47  SCV  
  39  3:51  Refinery  
  39  3:56  SCV  
  39  3:59  SCV  
  41  4:04  Marine  
  41  4:05  Marine x2  
  41  4:08  SCV  
  45  4:10  Supply Depot  
  45  4:11  SCV  
  46  4:27  Marine x3  
  46  4:28  SCV, Medivac x2  
  54  4:32  SCV  
  54  4:33  Factory Tech Lab  
  55  4:40  SCV  
  55  4:42  Supply Depot  
  55  4:44  SCV  
  55  4:45  Marine x3  
  61  4:52  SCV  
  61  4:56  SCV  
  62  5:03  Marine x3, Medivac x2  
  69  5:08  SCV  
  70  5:15  Supply Depot  
  70  5:18  SCV  
  70  5:21  Marine x3  
  71  5:23  Supply Depot, Refinery, SCV  
  75  5:29  Barracks  
  75  5:30  Barracks, SCV  
  76  5:39  Marine x2  
  76  5:40  Siege Tank, Medivac x2  
  73  6:10  Marine x3  
  72  6:13  Siege Tank  
  75  6:19  Marine  
  75  6:20  Marine  
  77  6:26  SCV x2  
  77  6:28  Marine x3  
  77  6:31  Supply Depot  
  82  6:37  Marine  
  82  6:38  Marine  
  84  6:44  Medivac x2  
  84  6:46  Marine  
  89  6:50  Siege Tank  
  92  7:00  Marine, SCV x2  
  92  7:01  Marine x3  
  97  7:03  Marine  
  99  7:10  Supply Depot, Command Center  
  99  7:20  Medivac  
  101  7:24  SCV  
  102  7:31  SCV, Medivac  
  100  8:05  Marine x4  
  98  8:06  Marine  
  98  8:07  Siege Tank  
  98  8:08  Medivac x2  
  109  8:23  Marine  
  109  8:39  Siege Tank  
  112  8:52  Marine  
  112  8:53  Marine x2  
  115  9:02  Marine x2  
  116  9:10  Marine x2  
  116  9:11  Marine  
  119  9:19  Marine  
  119  9:20  Marine  
  121  9:28  Marine x3  
  122  9:37  Marine  
  123  9:52  Marine x3  
Show
View Real Time Build Order
Export as new Build Order

A.I. 1 (Harder) Protoss 

Build Orders: 1 Gate Expand 

Get SALT Encoding   

  12  0:01  Probe (Chrono Boost)  
  13  0:11  Probe (Chrono Boost)  
  14  0:20  Pylon  
  14  0:22  Probe (Chrono Boost)  
  15  0:38  Probe (Chrono Boost)  
  16  0:49  Probe (Chrono Boost)  
  17  0:50  Gateway  
  17  1:09  Nexus  
  17  1:12  Probe (Chrono Boost)  
  18  1:27  Pylon  
  18  1:31  Assimilator  
  18  1:35  Zealot  
  20  1:40  Cybernetics Core  
  20  1:42  Probe (Chrono Boost)  
  22  1:54  Probe (Chrono Boost)  
  22  2:05  Probe (Chrono Boost), Gateway  
  23  2:13  Assimilator  
  23  2:14  Stalker  
  23  2:22  Probe (Chrono Boost), Pylon  
  26  2:31  Warp Gate  
  26  2:34  Probe (Chrono Boost)  
  27  2:41  Adept  
  29  2:51  Zealot, Assimilator  
  31  3:08  Probe (Chrono Boost)  
  31  3:11  Robotics Facility  
  32  3:25  Probe (Chrono Boost)  
  33  3:28  Probe (Chrono Boost)  
  34  3:36  Probe (Chrono Boost)  
  34  3:39  Probe (Chrono Boost)  
  36  3:47  Probe (Chrono Boost)  
  37  3:50  Probe (Chrono Boost), Gateway  
  37  3:55  Stalker  
  40  4:11  Sentry  
  42  4:20  Assimilator  
  42  4:24  Immortal  
  42  4:27  Probe (Chrono Boost)  
  42  4:28  Pylon  
  42  4:30  Probe (Chrono Boost)  
  48  4:38  Probe (Chrono Boost), Forge  
  49  4:48  Probe (Chrono Boost)  
  49  4:51  Probe (Chrono Boost)  
  51  4:59  Probe (Chrono Boost)  
  52  5:00  Immortal  
  52  5:02  Probe (Chrono Boost)  
  52  5:05  Protoss Ground Weapons Level 1  
  57  5:09  Pylon  
  57  5:10  Probe (Chrono Boost)  
  57  5:13  Probe (Chrono Boost)  
  59  5:17  Zealot  
  62  5:22  Probe (Chrono Boost)  
  63  5:29  Probe (Chrono Boost)  
  63  5:32  Stalker  
  63  5:33  Probe (Chrono Boost), Pylon  
  66  5:40  Probe (Chrono Boost)  
  64  5:45  Probe (Chrono Boost)  
  64  5:47  Stalker  
  55  5:51  Probe (Chrono Boost)  
  55  5:56  Probe (Chrono Boost)  
  49  6:02  Probe (Chrono Boost), Sentry  
  48  6:07  Probe (Chrono Boost)  
  45  6:13  Probe (Chrono Boost)  
  45  6:17  Zealot  
  49  6:19  Probe (Chrono Boost)  
  49  6:25  Probe (Chrono Boost)  
  50  6:31  Probe (Chrono Boost)  
  51  6:33  Zealot  
  51  6:36  Probe (Chrono Boost)  
  54  6:42  Probe (Chrono Boost)  
  56  6:47  Probe (Chrono Boost)  
  56  6:48  Zealot  
  56  6:53  Probe (Chrono Boost), Protoss Ground Armor Level 1  
  59  6:58  Probe (Chrono Boost)  
  60  7:03  Stalker  
  60  7:04  Probe (Chrono Boost)  
  63  7:10  Probe (Chrono Boost)  
  63  7:15  Probe (Chrono Boost)  
  65  7:18  Stalker  
  65  7:22  Probe (Chrono Boost)  
  68  7:26  Probe (Chrono Boost), Pylon  
  69  7:33  Probe (Chrono Boost), Sentry  
  69  7:38  Probe (Chrono Boost)  
  62  7:44  Probe (Chrono Boost)  
  62  7:46  Immortal  
  62  7:49  Probe (Chrono Boost)  
  61  7:55  Probe (Chrono Boost)  
  43  8:00  Probe (Chrono Boost)  
  43  8:03  Stalker  
  36  8:08  Mothership Core (Chrono Boost)  
  36  8:09  Stalker  
  33  8:24  Zealot  
  22  9:04  Stalker  
  22  9:05  Zealot, Stalker  
  22  9:06  Probe (Chrono Boost)  
  24  9:20  Pylon  
  17  9:51  Pylon  
  14  9:55  Pylon  
Tags
 
Add a new tag
Caveats
  • Supply blocks, unpowered buildings, or Contaminate may cause inaccurate times.
  • Supply counts are checked every 10 seconds.